AoeStats
← Valeier

Runestones

507810003Analyzed
1v1 RM · 13d ago on Sep 19, 2026· 55m 42s· 2 players
Game mode
Random Map
Map size
Tiny (2 player)
Population
200
Speed
Normal
Resources
Standard
Victory
Conquest
Starting age
Dark Age
Ending age
Imperial Age
RankedLock teamsTeams togetherTeam positionsShared explorationLock speedFull tech treeHidden civsTurbo modeCheats
Victory
Defeat
🇸🇪 Cumans · Sweden
1529
+12
🇫🇷 Armenians · France
1451
-12
creece
9:14 Feudal Age
9:15 Man-at-Arms
16:04 Loom
15:42 Long Swordsman
20:39 Fletching
21:41 Padded Archer Armor
23:21 Scale Mail Armor
24:40 Horse Collar
25:06 Double-Bit Axe
29:55 Castle Age
30:30 Elite Skirmisher
31:24 Bow Saw
31:21 Bodkin Arrow
32:50 Wheelbarrow
34:01 Leather Archer Armor
33:55 Gold Mining
35:37 Hand Cart
35:47 Ballistics
36:09 Chain Mail Armor
35:50 Gambesons
36:06 Squires
36:36 Two-Handed Swordsman
37:31 Forging
39:20 Iron Casting
39:13 Champion
41:01 Arson
45:58 Imperial Age
45:22 Town Watch
47:41 Bracer
48:44 Chemistry
49:02 Ring Archer Armor
51:33 Plate Mail Armor
Valeier
6:44 Loom
9:32 Feudal Age
9:44 Man-at-Arms
10:51 Stone Mining
11:03 Horse Collar
11:09 Double-Bit Axe
17:29 Fletching
27:11 Castle Age
27:15 Crossbowman
28:35 Bodkin Arrow
29:09 Bow Saw
29:57 Heavy Plow
34:23 Ballistics
37:06 Wheelbarrow
38:26 Hand Cart
42:01 Imperial Age
39:46 Padded Archer Armor
40:48 Light Cavalry
41:38 Bloodlines
41:51 Leather Archer Armor
42:51 Scale Barding Armor
45:09 Chain Barding Armor
45:29 Town Watch
46:18 Crop Rotation
46:50 Two-Man Saw
46:53 Chemistry
46:07 Forging
46:33 Plate Barding Armor
46:56 Thumb Ring
48:12 Parthian Tactics
48:41 Ring Archer Armor
49:53 Iron Casting
49:19 Steppe Husbandry
49:56 Elite Kipchak
50:58 Conscription
52:47 Blast Furnace
51:11 Hussar
54:07 Masonry
55:30 Cuman Mercenaries
56:36 Hoardings
Connection lost

Rejoining the realm…

Still unreachable

The connection could not be restored.

Session expired

The server has moved on; the page needs a fresh start.